 Dungeon Crawl Stone Soup version 0.31-a0-702-gf82c85558f (webtiles) character file.

Game seed: 12221526261347761481

156 Ijustatesigmund the Magician (level 5, -3/30 HPs)
             Began as a Deep Elf Fire Elementalist on Sept 8, 2023.
             Slain by a gnoll
             ... wielding a +0 flail
             ... led by a gnoll bouda
              (11 damage)
             ... on level 3 of the Dungeon.
             The game lasted 00:04:21 (3784 turns).

Ijustatesigmund the Magician (DEFE)                 Turns: 3784, Time: 00:04:22

Health: -3/30      AC:  5    Str:  5    XL:     5   Next: 15%
Magic:  1/13       EV: 12    Int: 22    God:
Gold:   69         SH:  0    Dex: 15    Spells: 5/12 levels left

rFire   . . .        c - +0 short sword (heavy)
rCold   . . .        (no shield)
rNeg    . . .        a - +0 robe
rPois   .            e - +0 helmet
rElec   .            k - +0 cloak
rCorr   .            h - +0 pair of gloves
SInv    .            (no boots)
Will    .....        (no amulet)
Stlth   ++           (no ring)
HPRegen 0.25/turn    (no ring)
MPRegen 0.13/turn

%: no passive effects
@: very slightly contaminated
A: no striking features
a: no special abilities


You were on level 3 of the Dungeon.
You visited 1 branch of the dungeon, and saw 3 of its levels.

You collected 69 gold pieces.

Inventory:

Hand Weapons
 c - a +0 heavy short sword (weapon)
 n - a +0 sling
Armour
 a - a +0 robe (worn)
 e - a +0 helmet (worn)
 h - a +0 pair of gloves (worn)
 k - a +0 cloak (worn)
Jewellery
 i - a ring of wizardry
Scrolls
 d - a scroll of identify
 f - a scroll of immolation {unknown}
 g - a scroll of brand weapon
 m - 2 scrolls of poison
 o - a scroll of vulnerability {unknown}
 p - a scroll of enchant weapon {unknown}
Potions
 b - 2 potions of magic
 j - a potion of enlightenment
 l - a potion of might {unknown}
 q - a potion of ambrosia {unknown}


   Skills:
 + Level 1.7 Fighting
 + Level 0.9 Ranged Weapons
 - Level 2.4 Dodging
 - Level 2.4 Stealth
 + Level 4.3 Spellcasting
 + Level 2.9 Conjurations
 + Level 4.2 Fire Magic


You had 5 spell levels left.
You knew the following spells:

 Your Spells              Type           Power      Damage    Failure   Level
a - Foxfire               Conj/Fire      80%        2x1d8     2%          1
b - Scorch                Fire           46%        2d6       3%          2
c - Flame Wave            Conj/Fire      20%        2d7       24%         4

Your spell library contained the following spells:

 Spells                   Type           Power      Damage    Failure   Level
 Inner Flame              Hex/Fire       14%        N/A       14%         3
 Volatile Blastmotes      Fire/Tloc      28%        2d12      14%         3


Dungeon Overview and Level Annotations

Branches:
Dungeon (3/15)

Altars:
Elyvilon

Shops:
D:1 ?


Message History

You conjure some foxfire!
The ball python hisses angrily.
The foxfire hits the ball python.
You kill the ball python!
Your foxfire dissipates!
Your foxfire dissipates! x2
q - an emerald potion As you open the door, it creaks loudly!
There is an open door here.
You enter the shallow water.
Moving in this stuff is going to be slow.
You open the door.
A gnoll bouda and 2 gnolls come into view.
There is an open door here.
The gnoll shouts!
You hear a shout! x2
A gnoll comes into view. It is wielding a +0 whip.
A gnoll comes into view. It is wielding a +0 club.
A gnoll comes into view. It is wielding a +0 flail.
Casting: Foxfire (safe; 2% risk of failure)
Confirm with . or Enter, or press ? or * to list all spells.
Casting: Flame Wave (extremely dangerous; 24% risk of failure)
Press: ? - help, Dir - look around, f - activate You miscast Flame Wave.
You are very lightly contaminated with residual magic.
Nothing appears to happen.
The gnoll shouts!
The gnoll hits you with a +0 flail.
Casting: Flame Wave (extremely dangerous; 24% risk of failure)
Confirm with . or Enter, or press ? or * to list all spells.
Casting: Flame Wave (extremely dangerous; 24% risk of failure)
Press: ? - help, Dir - look around, f - activate You miscast Flame Wave.
Sparks fly from your hands! The gnoll barely misses you.
Casting: Flame Wave (extremely dangerous; 24% risk of failure)
Confirm with . or Enter, or press ? or * to list all spells.
Casting: Flame Wave (extremely dangerous; 24% risk of failure)
Press: ? - help, Dir - look around, f - activate You miscast Flame Wave.
You are caught in a fiery explosion!
* * * LOW HITPOINT WARNING * * *
The gnoll hits you with a +0 flail!
You die...

###..#####.................#
.# #..#..............## .#
...##.#.....#.....## ...
#.#########.### ##. ..# #.#
## #.# # ######.# #
#####g####≈~≈≈#.# #
#g.g.gg@.#~≈~≈#.# ..
..###g##.'≈~≈~'.# .. #
###~≈~≈### ## #≈~≈≈# #
###### # # #


You could see a gnoll bouda and 5 gnolls.

Vanquished Creatures
  An orc priest (D:3)
  An orc wizard (D:3)
  2 adders (D:2)
  3 worms
  2 dart slugs
  6 orcs
  7 endoplasms
  2 giant cockroaches (D:2)
  4 goblins
  3 hobgoblins (D:1)
  3 jackals (D:1)
  10 kobolds
  3 quokkas
  8 ball pythons
  3 bats (D:1)
  A frilled lizard (D:2)
  3 rats (D:1)
62 creatures vanquished.

Vanquished Creatures (others)
  124 foxfires
124 creatures vanquished.

Grand Total: 186 creatures vanquished

Notes
Turn   | Place    | Note
-------+----------+-------------------------------------------
     0 | D:1      | Ijustatesigmund the Deep Elf Fire Elementalist began the
                  | quest for the Orb.
     0 | D:1      | Reached XP level 1. HP: 10/10 MP: 6/6
   261 | D:1      | Reached XP level 2. HP: 16/16 MP: 5/8
   264 | D:1      | Learned a level 2 spell: Scorch
   775 | D:1      | Reached XP level 3. HP: 17/20 MP: 7/10
   845 | D:1      | Found Byemoifi's Magic Scroll Shoppe.
   940 | D:1      | Found a faded altar of an unknown god.
   997 | D:1      | Reached skill level 1 in Fighting
  1828 | D:2      | Reached XP level 4. HP: 25/25 MP: 4/11
  1984 | D:2      | Learned a level 4 spell: Flame Wave
  2680 | D:3      | Found a white marble altar of Elyvilon.
  3412 | D:3      | Reached XP level 5. HP: 30/30 MP: 6/13
  3784 | D:3      | Slain by a gnoll

Illustrated notes

Levels and vault maps discovered:
D:1:      co_arrival_square_in_a_square_in_a_square, layout_loops_corners,
          serial_shops, shop_fountains, hellmonk_ecumenical_altar_prayer_group,
          serial_park_tiny_2, minmay_tripent
D:2:      layout_basic, kennysheep_generic_room_7
D:3:      layout_rooms, lemuel_doored_altar, chequers_serial_rivers_room_b

Skill      XL: |  1  2  3  4 |
---------------+-------------+-----
Conjurations   | 2 |  2.9
Fighting       | 1 |  1.7
Spellcasting   | 4 |  4.3
Fire Magic     | 4 |  4.2
Ranged Weapons | |  0.9
Dodging        | |  2.4
Stealth        | |  2.4

Action                     |  1- 3 |  4- 6 || total
---------------------------+-------+-------++-------
  Melee: Short sword       |     7 |     3 ||    10
         Punch             |     1 |       ||     1
   Cast: Foxfire           |    59 |    19 ||    78
         Scorch            |    10 |    14 ||    24
         Flame Wave        |       |     1 ||     1
    Use: Scroll            |     3 |       ||     3
 Armour: Robe              |    11 |    13 ||    24
  Dodge: Dodged            |    24 |     6 ||    30

Table legend: (Time is in decaauts)
 A = Elapsed time spent in this place.
 B = Non-inter-level travel time spent in this place.
 C = Inter-level travel time spent in this place.
 D = Time resting spent in this place.
 E = Time spent auto-exploring this place.
 F = Levels seen in this place.
 G = Mean time per level.
                   A        B        C        D        E       F      G
               +--------+--------+--------+--------+--------+-----+--------+
         Total |   3791 |   3748 |     43 |   1024 |   2299 |   3 | 1263.7 |
       Dungeon |   3791 |   3748 |     43 |   1024 |   2299 |   3 | 1263.7 |
               +--------+--------+--------+--------+--------+-----+--------+

Top non-repeatable levels by time:
     D:2: 1835 daAuts
     D:1: 1262 daAuts
     D:3: 693 daAuts
